 Dungeon Crawl Stone Soup version 0.31-a0-217-g58bb5d79cf (webtiles) character file.

Game seed: 246401410389101085

150 qw the Shooter (level 5, 0/30 HPs)
             Began as a Gargoyle Hexslinger on July 2, 2023.
             Slain by an ogre
             ... wielding a +0 giant club
              (20 damage)
             ... on level 3 of the Dungeon.
             The game lasted 00:01:07 (2614 turns).

qw the Shooter (Gargoyle Hexslinger)                Turns: 2614, Time: 00:01:08

Health: 0/30       AC: 12    Str: 11    XL:     5   Next: 32%
Magic:  6/6        EV: 10    Int: 14    God:
Gold:   129        SH:  0    Dex: 14    Spells: 5/6 levels left

rFire   . . .        Y - +1 sling
rCold   . . .        (no shield)
rNeg    + . .        e - +0 ring mail
rPois   inf          f - +2 helmet
rElec   +            (no cloak)
rCorr   .            (no gloves)
SInv    .            (no boots)
Will    .....        (no amulet)
Stlth   +            (no ring)
HPRegen 0.25/turn    (no ring)
MPRegen 0.10/turn

%: no passive effects
@: no status effects
A: sickness immunity, AC +4, negative energy resistance 1, electricity
resistance, torment resistance 1, petrification resistance
a: no special abilities


You were on level 3 of the Dungeon.
You visited 1 branch of the dungeon, and saw 4 of its levels.

You collected 129 gold pieces.


Innate Abilities, Weirdness & Mutations

You are immune to sickness and miasma.
Your stone body is resilient. (AC +4)
You are immune to poison.
You resist negative energy. (rN+)
You are resistant to electric shocks. (rElec)
You are resistant to unholy torment.
You are immune to petrification.


   Skills:
 - Level 2.1 Fighting
 + Level 4.8 Ranged Weapons
 - Level 1.1 Armour
 - Level 1.5 Dodging
 - Level 1.0 Spellcasting
 - Level 2.6 Hexes


You had 5 spell levels left.
You knew the following spells:

 Your Spells              Type           Power      Damage    Failure   Level
a - Slow                  Hex            32%        N/A       21%         1

Your spell library contained the following spells:

 Spells                   Type           Power      Damage    Failure   Level
 Inner Flame              Hex/Fire       4%         N/A       71%         3
 Portal Projectile        Hex/Tloc       8%         N/A       71%         3
 Cause Fear               Hex            4%         N/A       90%         4

Inventory:

Hand Weapons
 Y - a +1 sling (weapon)
Armour
 e - a +0 ring mail (worn)
 f - a +2 helmet (worn)
Scrolls
 a - a scroll of identify
Potions
 i - a potion of curing

Dungeon Overview and Level Annotations

Branches:
Dungeon (4/15)
 Temple: D:4-7

Altars:

Shops:
D:1 :=


Message History

Enter note: Done exploring.
2585 ||| READING 2 scrolls of identify.
As you read the scroll of identify, it crumbles to dust.
i - a potion of curing;
2585 ||| IDENTIFYING viscous red potion Done exploring.
(D) Dungeon
Where to? (* - list waypoints, Enter - D:3, ? - help)
What level of the Dungeon? (default 1, ? - help)
There is a stone staircase leading down here.
You climb downwards.
The ogre shouts!
There is a stone staircase leading up here.
An ogre is nearby!
Waypoint 3 assigned to D:4.
You shoot a sling bullet.
The sling bullet closely misses the ogre.
The ogre hits you with a +0 giant club!
2611 ||| STAIRDANCE You climb upwards.
There is a stone staircase leading down here.
Enter note:
Enter note:
Enter note:
Enter note:
Enter note:
Enter note:
Enter note:
Enter note:
Enter note:
Enter note:
Enter note:
Enter note: You shoot a sling bullet.
The sling bullet hits the ogre but does no damage.
The ogre barely misses you.
You shoot a sling bullet. The sling bullet hits the ogre!
The ogre is moderately wounded.
The ogre hits you with a +0 giant club!!
Ouch! That really hurt!
You die...

###########.# #.# ......# #.#
#.# #####.# #.# #.# #.# #.#
#.# #.# #.# #.# #.# #.# #.#
#.# #.# #.# #####.#####.######
#.# ...............O@# #.#
#...........####.# #.#
#.###.##########.####### #.#
#.#........<...#.......# #.#
#.#.#.##########.#####.# #.#
#...#..................# #.#
#####..########..###########.#
#..# #.....)#............#
#..# #......#.############


You could see an ogre.

Vanquished Creatures
  Natasha (D:3)
  3 adders
  A gnoll (D:1)
  4 worms
  4 dart slugs
  An orc (D:3)
  3 bats (D:1)
  6 endoplasms
  2 giant cockroaches (D:2)
  7 goblins
  6 hobgoblins
  4 jackals (D:2)
  4 kobolds
  3 quokkas
  6 ball pythons
  3 frilled lizards
  9 rats
67 creatures vanquished.

Notes
Turn   | Place    | Note
-------+----------+-------------------------------------------
     0 | D:1      | qw the Gargoyle Hexslinger began the quest for the Orb.
     0 | D:1      | Reached XP level 1. HP: 12/12 MP: 2/2
     0 | D:1      | 0 ||| qw: Version: 0.3-a-40-ge99b1a8
     0 | D:1      | 0 ||| qw: Game counter: 117
     0 | D:1      | 0 ||| qw: Melee chars always use a shield: true
     0 | D:1      | 0 ||| qw: God list: Okawaru
     0 | D:1      | 0 ||| qw: Allow faded altars: false
     0 | D:1      | 0 ||| qw: Do Orc after clearing Dungeon:15 true
     0 | D:1      | 0 ||| qw: Do second Lair branch before Depths: true
     0 | D:1      | 0 ||| qw: Lair rune preference: random
     0 | D:1      | 0 ||| qw: Goals: Normal
     0 | D:1      | 0 ||| PLANNING D:1-11
   187 | D:1      | Reached XP level 2. HP: 16/16 MP: 3/3
   190 | D:1      | Found Xaluan's Jewellery Shop.
   203 | D:1      | Reached skill level 3 in Ranged Weapons
   210 | D:1      | 210 ||| SHOPLISTING +6 ring of strength (396 gold, have
                  | 10).
   210 | D:1      | 210 ||| SHOPLISTING amulet "Pighih" {Acrobat Contam rElec
                  | rPois} (468 gold, have 10).
   210 | D:1      | 210 ||| SHOPLISTING amulet of reflection (330 gold, have
                  | 10).
   210 | D:1      | 210 ||| SHOPLISTING amulet of regeneration (330 gold, have
                  | 10).
   210 | D:1      | 210 ||| SHOPLISTING ring "Hotairakui" {rPois rF++ rC-} (412
                  | gold, have 10).
   210 | D:1      | 210 ||| SHOPLISTING ring of positive energy (220 gold, have
                  | 10).
   210 | D:1      | 210 ||| SHOPLISTING ring of willpower (275 gold, have 10).
   310 | D:1      | Reached XP level 3. HP: 21/21 MP: 4/4
   647 | D:1      | Found Uluzi's Book Shoppe.
  1081 | D:1      | 1081 ||| UPGRADING to +0 ring mail.
  1091 | D:1      | 1091 ||| DROPPING +0 robe.
  1092 | D:1      | 1092 ||| UPGRADING to +2 helmet.
  1097 | D:1      | 1097 ||| READING scroll labelled MYKLON UTEE.
  1098 | D:1      | 1098 ||| READING scroll labelled PYANIM CYRIKK.
  1099 | D:1      | 1099 ||| READING scroll labelled NOASILLINYO.
  1100 | D:1      | 1100 ||| DROPPING scroll of poison.
  1129 | D:2      | 1129 ||| STAIRDANCE
  1209 | D:2      | Reached skill level 1 in Armour
  1271 | D:2      | Reached XP level 4. HP: 26/26 MP: 5/5
  1371 | D:2      | 1371 ||| FLEEEEING.
  1372 | D:2      | 1372 ||| FLEEEEING.
  1373 | D:2      | 1373 ||| FLEEEEING.
  1374 | D:2      | 1374 ||| FLEEEEING.
  1478 | D:2      | Reached skill level 4 in Ranged Weapons
  1605 | D:2      | 1605 ||| READING scroll labelled XAIRADOFIO.
  1606 | D:2      | 1606 ||| READING scroll labelled CIG VEASOMIYSH.
  1607 | D:2      | 1607 ||| READING scroll labelled DOXKOE MUBACVE.
  1608 | D:2      | 1608 ||| READING 3 scrolls of identify.
  1608 | D:2      | 1608 ||| IDENTIFYING red potion
  1609 | D:2      | 1609 ||| READING 2 scrolls of identify.
  1609 | D:2      | 1609 ||| IDENTIFYING lumpy black potion
  1610 | D:2      | 1610 ||| DROPPING potion of brilliance.
  1611 | D:2      | 1611 ||| DROPPING potion of lignification.
  2025 | D:3      | Reached XP level 5. HP: 30/30 MP: 6/6
  2127 | D:3      | Noticed Natasha
  2145 | D:3      | Killed Natasha
  2583 | D:3      | 2583 ||| DROPPING ring of magical power.
  2584 | D:3      | 2584 ||| READING scroll labelled ACRUATIADI.
  2585 | D:3      | 2585 ||| READING 2 scrolls of identify.
  2585 | D:3      | 2585 ||| IDENTIFYING viscous red potion
  2609 | D:4      | Noticed an ogre
  2611 | D:4      | 2611 ||| STAIRDANCE
  2614 | D:3      | Slain by an ogre

Levels and vault maps discovered:
D:1:      lemuel_arrival_cross, layout_basic, serial_shops, shop, shop,
          serial_rivers, chequers_serial_rivers_micro_c,
          chequers_serial_rivers_micro_e, chequers_serial_rivers_room_a,
          chequers_serial_rivers_small_3, chequers_serial_rivers_room_a,
          chequers_serial_rivers_large_b
D:2:      layout_rooms
D:3:      layout_basic, uniq_natasha
D:4:      layout_basic, serial_shops, kennysheep_mini, corexii_checkpoint_a,
          grunt_ministairs_15

Skill      XL: |  1  2  3  4 |
---------------+-------------+-----
Ranged Weapons | 3 4 |  4.8
Fighting       | 2 |  2.1
Armour         | 1 |  1.1
Dodging        | |  1.5
Spellcasting   | |  1.0
Hexes          | |  2.6

Action                     |  1- 3 |  4- 6 || total
---------------------------+-------+-------++-------
   Fire: Sling             |   111 |   161 ||   272
    Use: Scroll            |     3 |     7 ||    10
 Armour: Robe              |     5 |       ||     5
         Ring mail         |     3 |    71 ||    74
  Dodge: Dodged            |    23 |    63 ||    86

Table legend:
 A = Non-vault XP
 B = Vault XP
 C = Vault XP percentage of total XP
 D = Non-vault monster count
 E = Vault monster count
 F = Vault count percentage of total count
                 A         B        C        D         E       F
            +---------+---------+-------+---------+---------+-------
      Total |     180 |      35 |  16.3 |      66 |       1 |   1.5
            +---------+---------+-------+---------+---------+-------
        D:1 |      61 |       0 |   0.0 |      27 |       0 |   0.0
        D:2 |      60 |       0 |   0.0 |      22 |       0 |   0.0
        D:3 |      59 |      35 |  37.2 |      17 |       1 |   5.6
            +---------+---------+-------+---------+---------+-------
